 Dungeon Crawl Stone Soup version 0.27-a0-1177-g245c70e1c0 (webtiles) character file.

Game seed: 9888534662691749482

26 Zonian the Conjurer (level 3, 0/25 HPs)
             Began as a Gnoll Conjurer on May 16, 2021.
             Slain by a jackal (1 damage)
             ... on level 1 of the Dungeon.
             The game lasted 00:02:09 (1187 turns).

Zonian the Conjurer (Gnoll Conjurer)                Turns: 1187, Time: 00:02:10

Health: 0/25       AC:  3    Str:  6    XL:     3   Next: 8%
Magic:  0/9        EV: 12    Int: 18    God:
Gold:   0          SH:  0    Dex: 10    Spells: 9/12 levels left

rFire    . . .     SeeInvis .   g - +0 dagger
rCold    . . .     Faith    .   (no shield)
rNeg     . . .     Spirit   +   b - +0 leather armour
rPois    .         Reflect  .   (no helmet)
rElec    .         Harm     .   (no cloak)
rCorr    .         Rampage  .   (no gloves)
Will     .....                  (no boots)
Stlth    ++........             c - amulet of guardian spirit
HPRegen  0.08/turn              (no ring)
MPRegen  0.11/turn              (no ring)

@: no status effects
A: fangs 1, strong nose, distributed training
a: no special abilities


You were on level 1 of the Dungeon.
You visited 1 branch of the dungeon, and saw 1 of its levels.

Inventory:

Hand Weapons
 g - a +0 dagger (weapon)
Armour
 a - a +0 robe
 b - a +0 leather armour (worn)
 e - a +0 ring mail
Jewellery
 c - an amulet of guardian spirit (around neck)
Scrolls
 d - a scroll of enchant weapon {unknown}
Potions
 f - a potion of degeneration {unknown}


   Skills:
 + Level 0.6 Fighting
 + Level 0.6 Short Blades
 + Level 0.6 Long Blades
 + Level 0.6 Axes
 + Level 0.6 Maces & Flails
 + Level 0.6 Polearms
 + Level 0.6 Staves
 + Level 0.6 Slings
 + Level 0.6 Bows
 + Level 0.6 Crossbows
 + Level 0.6 Throwing
 + Level 0.6 Armour
 + Level 4.5 Dodging
 + Level 4.1 Stealth
 + Level 0.6 Shields
 + Level 0.6 Unarmed Combat
 + Level 5.0 Spellcasting
 + Level 7.1 Conjurations
 + Level 0.4 Hexes
 + Level 0.4 Summonings
 + Level 0.4 Necromancy
 + Level 0.4 Translocations
 + Level 0.4 Transmutations
 + Level 0.4 Fire Magic
 + Level 0.4 Ice Magic
 + Level 0.4 Air Magic
 + Level 0.4 Earth Magic
 + Level 0.4 Poison Magic
 + Level 0.8 Invocations
 + Level 0.6 Evocations


You had 9 spell levels left.
You knew the following spells:

 Your Spells              Type           Power      Damage    Failure   Level
a - Magic Dart            Conj           100%       1d8       1%          1
b - Searing Ray           Conj           60%        3d5       1%          2

Your spell library contained the following spells:

 Spells                   Type           Power      Damage    Failure   Level
 Dazzling Flash           Conj/Hex       36%        N/A       13%         3
 Fulminant Prism          Conj/Hex       9%         3d7       41%         4
 Iskenderun's Mystic Bla  Conj/Tloc      18%        2d6       41%         4


Dungeon Overview and Level Annotations

Branches:
Dungeon (1/15)

Altars:


Innate Abilities, Weirdness & Mutations

You have very sharp teeth.
Your uncanny sense of smell can sniff out nearby items.
Your experience applies equally to all skills.


Message History

The jackal closely misses you.
Casting: Magic Dart (safe; 1% risk of failure)
Confirm with . or Enter, or press ? or * to list all spells.
Aiming: Magic Dart (safe; 1% risk of failure)
Press: ? - help, Shift-Dir - straight line, f - jackal
Aim: a jackal (100% to hit)
The magic dart hits the jackal.
The jackal is heavily wounded.
The jackal misses you.
You hit the jackal but do no damage.
The jackal is heavily wounded.
The jackal bites you but does no damage.
The jackal barely misses you.
You closely miss the jackal.
The jackal is heavily wounded.
The jackal misses you.
You closely miss the jackal.
The jackal is heavily wounded.
The jackal bites you but does no damage. x2
You completely miss the jackal.
The jackal is heavily wounded.
The jackal barely misses you.
You hit the jackal but do no damage.
The jackal is heavily wounded.
The jackal bites you but does no damage.
You hit the jackal but do no damage.
The jackal is heavily wounded.
The jackal bites you.
* * * LOW HITPOINT WARNING * * *
The jackal bites you but does no damage.
You hit the jackal but do no damage.
The jackal is heavily wounded.
The jackal closely misses you.
You miss the jackal.
The jackal is heavily wounded.
The jackal bites you.
* * * LOW HITPOINT WARNING * * *
The jackal closely misses you. The jackal bites you.
You die...

......####.# #..>...##...## ♣.
♣......#######..#≈≈≈.......
#g########...†........≈......≈.
#†......##.######.###.......≈≈.
#########.##.# #.# ##.....≈≈..
....÷........# #.# #.#≈#.≈.##
#########.##.# #†# #.#≈##.##
#....######.# #.#≈≈#.≈
♣♣♣..#...h@...# #.##≈#.≈#
♣♣.♣♣♣.########## ≈.≈ .P.P♣♣.#
# ♣...P♣♣.# ♣♣♣PP..♣ #.# ...P.♣
#.# ♣P.P♣♣ #.# #♣♣♣♣ #.# ##.#


You could see a jackal.

Vanquished Creatures
  An endoplasm (D:1)
  A giant cockroach (D:1)
  3 goblins (D:1)
  2 hobgoblins (D:1)
  5 jackals (D:1)
  2 kobolds (D:1)
  3 quokkas (D:1)
  2 ball pythons (D:1)
  A bat (D:1)
  A frilled lizard (D:1)
  A rat (D:1)
22 creatures vanquished.

Vanquished Creatures (others)
  11 plants (D:1)
11 creatures vanquished.

Grand Total: 33 creatures vanquished

Notes
Turn   | Place    | Note
-------+----------+-------------------------------------------
     0 | D:1      | Zonian the Gnoll Conjurer began the quest for the Orb.
     0 | D:1      | Reached XP level 1. HP: 13/13 MP: 6/6
   148 | D:1      | Reached XP level 2. HP: 19/19 MP: 2/7
   716 | D:1      | Learned a level 2 spell: Searing Ray
  1144 | D:1      | Reached XP level 3. HP: 16/25 MP: 0/9
  1162 | D:1      | Reached skill level 5 in Spellcasting
  1184 | D:1      | HP: 1/25 [jackal (2)]
  1187 | D:1      | Slain by a jackal

Illustrated notes

Levels and vault maps discovered:
D:1:      tarquinn_simple_flora_water_c, layout_loops_ring, serial_forest,
          infiniplex_forest_lined_3_way, infiniplex_forest_end_3,
          infiniplex_forest_lined_room_2, infiniplex_forest_clump_medium,
          infiniplex_forest_clump_medium, infiniplex_forest_lined_2,
          chequers_serial_rivers_small_b

Skill      XL: |  1  2  3 |
---------------+----------+-----
Spellcasting   | 5 |  5.0
Fighting       | |  0.6
Short Blades   | |  0.6
Long Blades    | |  0.6
Axes           | |  0.6
Maces & Flails | |  0.6
Polearms       | |  0.6
Staves         | |  0.6
Slings         | |  0.6
Bows           | |  0.6
Crossbows      | |  0.6
Throwing       | |  0.6
Armour         | |  0.6
Dodging        | |  4.5
Stealth        | |  4.1
Shields        | |  0.6
Unarmed Combat | |  0.6
Conjurations   | |  7.1
Hexes          | |  0.4
Summonings     | |  0.4
Necromancy     | |  0.4
Translocations | |  0.4
Transmutations | |  0.4
Fire Magic     | |  0.4
Ice Magic      | |  0.4
Air Magic      | |  0.4
Earth Magic    | |  0.4
Poison Magic   | |  0.4
Invocations    | |  0.8
Evocations     | |  0.6

Action                   || total
-------------------------++-------
Melee: Unarmed           ||    16
       Dagger            ||    12
       Bite              ||     1
 Cast: Magic Dart        ||    41
Armor: Leather armour    ||    16
Dodge: Dodged            ||    34

Table legend: (Time is in decaauts)
 A = Elapsed time spent in this place.
 B = Non-inter-level travel time spent in this place.
 C = Inter-level travel time spent in this place.
 D = Time resting spent in this place.
 E = Time spent auto-exploring this place.
 F = Levels seen in this place.
 G = Mean time per level.
                   A        B        C        D        E       F      G
               +--------+--------+--------+--------+--------+-----+--------+
         Total |   1186 |   1186 |      0 |    580 |    417 |   1 | 1186.0 |
       Dungeon |   1186 |   1186 |      0 |    580 |    417 |   1 | 1186.0 |
               +--------+--------+--------+--------+--------+-----+--------+

Top non-repeatable levels by time:
     D:1: 1186 daAuts
